 Dungeon Crawl Stone Soup version 0.20-a0-11-ga97c7b5 (webtiles) character file.

226 dobroeutro the Cudgeler (level 6, -4/37 HPs)
             Began as a Gargoyle Fighter on Nov 2, 2016.
             Slain by an ogre
             ... wielding a +0 giant club
              (12 damage)
             ... on level 4 of the Dungeon.
             The game lasted 00:03:24 (2626 turns).

dobroeutro the Cudgeler (Gargoyle Fighter)          Turns: 2626, Time: 00:03:24

Health: -4/37      AC: 12    Str: 22    XL:     6   Next: 1%
Magic:  6/6        EV:  7    Int:  8    God:
Gold:   82         SH:  9    Dex:  9    Spells: 0 memorised, 5 levels left

rFire  . . .     SeeInvis .     a - +0 flail
rCold  + . .     Gourm    .     b - +0 scale mail
rNeg   + . .     Faith    .     c - +0 shield
rPois  ∞         Spirit   .     (no helmet)
rElec  +         Reflect  .     j - +0 cloak
rCorr  .         Harm     .     (no gloves)
MR     .....                    (no boots)
Stlth  ..........               r - amulet of rage
                                (no ring)
                                s - ring of protection from cold

@: no status effects
A: negative energy resistance 1, electricity resistance, unbreathing,
petrification resistance, rot immunity, AC +4
a: Evoke Berserk Rage


You were on level 4 of the Dungeon.
You were not hungry.

You visited 1 branch of the dungeon, and saw 4 of its levels.

You collected 82 gold pieces.

Inventory:

Hand Weapons
 a - a +0 flail (weapon)
Armour
 b - a +0 scale mail (worn)
 c - a +0 shield (worn)
 j - a +0 cloak (worn)
Jewellery
 r - an amulet of rage (around neck)
 s - a ring of protection from cold (left hand)
Scrolls
 e - a scroll of fear {unknown}
 g - a scroll of teleportation {unknown}
 i - a scroll of random uselessness {unknown}
 k - a scroll of identify {unknown}
Potions
 d - a potion of might
 h - a potion of cancellation {unknown}
 l - a potion of curing {unknown}
 m - 2 potions of heal wounds {unknown}
 n - a potion of agility {unknown}
 o - a potion of invisibility {unknown}
 p - a potion of degeneration {unknown}
 t - a potion of magic {unknown}
Comestibles
 f - 2 bread rations
 q - a beef jerky
 u - 2 fruits


   Skills:
 - Level 3.2 Fighting
 + Level 6.0 Maces & Flails
 - Level 3.2 Armour
 - Level 3.2 Shields


You had 5 spell levels left.
You didn't know any spells.

Dungeon Overview and Level Annotations

Branches:
Dungeon (4/15)
 Temple: D:4-7

Altars:


Innate Abilities, Weirdness & Mutations

You are resistant to torment.
Your stone body is resilient. (AC +4)
You are immune to poison.
You resist negative energy. (rN+)
You are resistant to electric shocks. (rElec)
You can survive without breathing.
You are immune to petrification.
You are immune to rotting.


Message History

You are too injured to fight recklessly!
You are too injured to fight recklessly!
You are too injured to fight recklessly!
You are too injured to fight recklessly!
You are too injured to fight recklessly!
You are too injured to fight recklessly!
You are too injured to fight recklessly!
You are too injured to fight recklessly!
You are too injured to fight recklessly!
You are too injured to fight recklessly!
You are too injured to fight recklessly!
You are too injured to fight recklessly!
You are too injured to fight recklessly!
You sock the ogre!
The ogre is severely wounded.
You block the ogre's attack.
You barely miss the ogre.
The ogre is severely wounded.
The ogre hits you with a giant club!
You die...

###########.
#..O@.......
#.########## ..
#.###.## ##.#
#...†..# ###....
#####..# ##.....#
#..#######......#
#..O...O........#
#########.......#
#########....###.#


You could see an ogre.

Vanquished Creatures
  3 orc priests (D:3)
  An orc wizard (D:3)
  An adder (D:2)
  3 worms
  2 dart slugs
  4 leopard geckos
  7 orcs (D:3)
  7 bats
  2 giant cockroaches
  8 goblins
  10 hobgoblins
  3 jackals
  3 quokkas
  2 ball pythons
  8 frilled lizards
  6 kobolds
  8 rats
78 creatures vanquished.

Notes
Turn   | Place    | Note
-------+----------+-------------------------------------------
     0 | D:1      | dobroeutro the Gargoyle Fighter began the quest for the Orb.
     0 | D:1      | Reached XP level 1. HP: 14/14 MP: 1/1
    69 | D:1      | Reached XP level 2. HP: 17/19 MP: 2/2
   277 | D:1      | Reached skill level 3 in Maces & Flails
   455 | D:1      | Reached XP level 3. HP: 20/23 MP: 3/3
   891 | D:2      | Reached skill level 4 in Maces & Flails
   936 | D:2      | Reached XP level 4. HP: 28/28 MP: 4/4
  1791 | D:3      | Reached skill level 5 in Maces & Flails
  1791 | D:3      | Reached XP level 5. HP: 29/32 MP: 5/5
  2086 | D:3      | Reached skill level 6 in Maces & Flails
  2319 | D:4      | Reached XP level 6. HP: 37/37 MP: 6/6
  2626 | D:4      | Slain by an ogre

Vault maps used:
D:1:      ncdulo_smallfort
D:4:      first_bread, roderic_aztec_sauvastika, minmay_misc_feat_secret_circle

Skill      XL: |  1  2  3  4  5 |
---------------+----------------+-----
Maces & Flails | 3 4 5 6 |  6.0
Fighting       | |  3.2
Armour         | |  3.2
Shields        | |  3.2

Action                   |  1- 3 |  4- 6 || total
-------------------------+-------+-------++-------
Melee: Flail             |   167 |   143 ||   310
  Eat: Meat ration       |       |     1 ||     1
       Chunk             |       |     1 ||     1
Armor: Scale mail        |    87 |    90 ||   177
Dodge: Dodged            |    56 |    26 ||    82
Block: Shield            |    75 |    68 ||   143
